 Dungeon Crawl Stone Soup version 0.24.0-13-gcf9b3192b9 (webtiles) character file.

Game seed: 5421206823547475045, levelgen mode: deterministic

43 PunishMeDaddy the Chopper (level 3, -13/29 HPs)
             Began as a Formicid Chaos Knight on Nov 6, 2019.
             Was a Plaything of Xom.
             Mangled by a basilisk (shapeshifter) (14 damage)
             ... on level 1 of the Dungeon.
             The game lasted 00:03:16 (441 turns).

PunishMeDaddy the Chopper (Formicid Chaos Knight)    Turns: 441, Time: 00:03:17

Health: -13/29     AC:  5    Str: 16    XL:     3   Next: 82%
Magic:  3/3        EV:  8    Int: 12    God:    Xom [*.....]
Gold:   38         SH:  0    Dex: 10    Spells: 2/2 levels left

rFire    . . .     SeeInvis +   a - +0 hand axe (chaos)
rCold    . . .     Gourm    .   (no shield)
rNeg     . . .     Faith    .   b - +2 leather armour
rPois    .         Spirit   .   (helmet unavailable)
rElec    .         Reflect  .   (no cloak)
rCorr    .         Harm     .   (no gloves)
MR       .....                  (no boots)
Stlth    ..........             (no amulet)
HPRegen  0.09/turn              f - ring of attention (curse)
MPRegen  0.08/turn              e - -3 ring of evasion (curse)

@: no status effects
A: permanent stasis, dig shafts and tunnels, four strong arms, antennae 3
a: Dig, Shaft Self, Renounce Religion


You were on level 1 of the Dungeon.
You worshipped Xom.
You were a special plaything of Xom.
You were not hungry.

You visited 1 branch of the dungeon, and saw 1 of its levels.

You collected 38 gold pieces.

Inventory:

Hand Weapons
 a - a +0 hand axe of chaos (weapon)
Armour
 b - a +2 leather armour (worn)
Jewellery
 e - a cursed -3 ring of evasion (right hand)
 f - a cursed ring of attention (left hand)
Scrolls
 d - a scroll of amnesia {unknown}
Potions
 g - a potion of haste {unknown}
Comestibles
 c - 2 rations


   Skills:
 - Level 3.2 Fighting
 + Level 4.5 Axes
 - Level 2.1 Armour
 - Level 0.8 Dodging


You had 2 spell levels left.
You didn't know any spells.
Your spell library was empty.

Dungeon Overview and Level Annotations

Branches:
Dungeon (1/15)

Altars:
Xom


Innate Abilities, Weirdness & Mutations

You cannot be hasted, slowed, berserked, paralysed or teleported.
You can dig through walls and to a lower floor.
Your four strong arms can wield two-handed weapons with a shield.
You have a pair of large antennae on your head. (SInv)


Message History

The basilisk bites you.
You die... "Just one more try."
Xom revives you!
Unknown command.
Unknown command.
Unknown command.
You barely miss the basilisk.
The basilisk is moderately wounded.
Xom giggles.
Your stasis prevents you from being slowed.
You feel horribly lethargic. The basilisk closely misses you.
The basilisk bites you but does no damage.
You closely miss the basilisk.
The basilisk is moderately wounded.
The basilisk bites you.
* * * LOW HITPOINT WARNING * * *
The basilisk bites you!
You die...
Xom thinks this is hilarious!

.....≈≈≈≈.......### #.#....#
...†.≈≈≈≈.≈≈≈≈≈[..#### ##†...#.#
...#.≈≈≈≈.≈≈≈≈≈..))..###.......#
.###.≈≈≈≈.≈≈≈≈≈.(.##(##...######
..##.≈≈≈≈.≈≈≈≈≈...##.))...##
#.##........).....#####....##
#.......##......### ####..#
).####........)l.# ##.# ..#
#.###.###.#@# #.# ..#
##...###.†.#.# #.## ..#
#..#.#.#.###.# ########..####
..###..#......#..# #.............
.......###.#.###.#*#.##..#<#>##..
.)###...#......#..*#.....######†.
### ##.###.#.#.#..*#.##.## ##.
#.#,..###....##.>### ##
#.#,###,**#..##.##.## ##†


You could see a basilisk shaped shifter.

Vanquished Creatures
  An ooze (D:1)
  2 dart slugs (D:1)
  A leopard gecko (D:1)
  2 ball pythons (D:1)
  3 bats (D:1)
  A giant cockroach (D:1)
  3 goblins (D:1)
  4 hobgoblins (D:1)
  5 jackals (D:1)
  5 kobolds (D:1)
  3 rats (D:1)
30 creatures vanquished.

Notes
Turn   | Place    | Note
-------+----------+-------------------------------------------
     0 | D:1      | PunishMeDaddy the Formicid Chaos Knight began the quest for
                  | the Orb.
     0 | D:1      | Reached XP level 1. HP: 18/18 MP: 1/1
    42 | D:1      | Reached XP level 2. HP: 22/24 MP: 2/2
   110 | D:1      | Reached skill level 4 in Axes
   111 | D:1      | Reached XP level 3. HP: 26/29 MP: 3/3
   227 | D:1      | XOM: divination: detect creatures
   291 | D:1      | XOM: confuse monster(s)
   332 | D:1      | XOM: scenery: create altars
   396 | D:1      | XOM: medium Hex miscast
   412 | D:1      | XOM: summons 4 hostile shadow creatures
   431 | D:1      | Noticed a wolf
   431 | D:1      | an ooze changed into a wolf
   432 | D:1      | Noticed a shapeshifter
   432 | D:1      | a wolf changed into a shapeshifter
   432 | D:1      | Noticed an eye of draining
   432 | D:1      | a shapeshifter changed into an eye of draining
   434 | D:1      | Noticed a basilisk
   434 | D:1      | an eye of draining changed into a basilisk
   439 | D:1      | Xom revived you
   440 | D:1      | XOM: mild Necr miscast
   441 | D:1      | HP: 1/29 [basilisk (shapeshifter) (1)]
   441 | D:1      | Mangled by a basilisk (shapeshifter)

Levels and vault maps discovered:
D:1:      onia_arrival_handbag, layout_basic, minivault_14,
          minmay_indecisive_spiral

Skill      XL: |  1  2 |
---------------+-------+-----
Axes           | 4 |  4.5
Fighting       | |  3.2
Armour         | |  2.1
Dodging        | |  0.8

Action                   || total
-------------------------++-------
Melee: Hand axe          ||   101
  Use: Scroll            ||     1
       Potion            ||     1
 Stab: Sleeping          ||     1
       Paralysed         ||     2
Armor: Leather armour    ||    55
Dodge: Dodged            ||    50
